 Dungeon Crawl Stone Soup version 0.19.0-19-g8c6edcc (webtiles) character file.

132 HungrySpirit the Chopper (level 4, -8/35 HPs)
             Began as a Mummy Gladiator on Nov 13, 2016.
             Mangled by Ijyb
             ... wielding a +2 dagger of electrocution
              (19 damage)
             ... on level 3 of the Dungeon.
             The game lasted 00:03:29 (2032 turns).

HungrySpirit the Chopper (Mummy Gladiator)          Turns: 2032, Time: 00:03:29

Health: -8/35      AC:  5    Str: 19    XL:     4   Next: 92%
Magic:  4/4        EV: 10    Int:  7    God:
Gold:   90         SH:  0    Dex: 12    Spells: 0 memorised, 3 levels left

rFire  x . .     SeeInvis .     a - +0 war axe
rCold  + . .     Gourm    .     f - +0 scale mail (curse)
rNeg   + + +     Faith    .     (no shield)
rPois  ∞         Spirit   .     c - +0 helmet
rElec  .         Reflect  .     (no cloak)
rCorr  .         Harm     .     (no gloves)
MR     .....                    (no boots)
Stlth  ..........               (no amulet)
                                h - ring of wizardry
                                g - -2 ring of protection (curse)

@: no status effects
A: no food or potions, fire vulnerability, cold resistance 1, negative energy
resistance 3, torment resistance, unbreathing
a: no special abilities


You were on level 3 of the Dungeon.
You were not hungry.

You visited 1 branch of the dungeon, and saw 3 of its levels.

You collected 90 gold pieces.

Inventory:

Hand Weapons
 a - a +0 war axe (weapon)
Missiles
 d - 3 throwing nets (quivered)
Armour
 c - a +0 helmet (worn)
 f - a cursed +0 scale mail (worn)
 i - a +0 large shield
Jewellery
 g - a cursed -2 ring of protection (left hand)
 h - a ring of wizardry (right hand)
Scrolls
 b - 2 scrolls of enchant armour
 e - a scroll of identify


   Skills:
 + Level 3.5 Fighting
 * Level 3.9 Axes
 - Level 1.5 Throwing
 - Level 2.4 Dodging
 + Level 0.4 Shields


You had 3 spell levels left.
You didn't know any spells.

Dungeon Overview and Level Annotations

Branches:
Dungeon (3/15)

Altars:
Ru
Yredelemnul

Annotations:
D:3 Ijyb


Innate Abilities, Weirdness & Mutations

You do not eat or drink.
Your flesh is vulnerable to fire.
You are immune to poison.
Your flesh is cold resistant. (rC+)
You are immune to negative energy. (rN+++)
You are immune to unholy pain and torment.
You can survive without breathing.


Message History

There is a stone staircase leading up here.
There is a stone staircase leading up here.
You aren't carrying any items that you can evoke.
Found a scale mail.
Found an emerald potion and a leather armour.
A kobold comes into view. It is wielding a dagger.
The kobold shouts!
Ijyb screams, "I no like you!"
You slash Ijyb!
Ijyb is severely wounded.
Ijyb screams, "Get away!"
You hit Ijyb.
Ijyb is almost dead.
Ijyb hits you but does no damage.
You closely miss Ijyb.
Ijyb is almost dead.
You hit the goblin. The goblin hits you with a dagger.
Ijyb hits you but does no damage.
You are electrocuted!
Ouch! That really hurt!
You die...

...[......!#................
[..........#................
...........##....^...........
###.......K..##................
..........................$...
#####.........gg.................
...<...........#.................
..........#..#.##g...............
................@g...............
.[..............#................
.................................
.........##.<....................
.................................
.<........#.............#.######.
..........##..........###g#
####.#...###....##....# #g# #
##.........#######.## #.#


You could see Ijyb and a goblin.

Vanquished Creatures
  An orc wizard (D:3)
  4 adders
  2 oozes (D:2)
  3 worms
  A dart slug (D:3)
  A leopard gecko (D:3)
  An orc (D:3)
  A ball python (D:3)
  A giant cockroach (D:1)
  6 goblins
  7 hobgoblins
  8 jackals
  4 kobolds (D:1)
  6 bats
  2 frilled lizards (D:2)
  3 rats
51 creatures vanquished.

Notes
Turn   | Place    | Note
-------+----------+-------------------------------------------
     0 | D:1      | HungrySpirit the Mummy Gladiator began the quest for the Orb.
     0 | D:1      | Reached XP level 1. HP: 16/16 MP: 1/1
     2 | D:1      | Noticed a troll
     2 | D:1      | Noticed an elf
     4 | D:1      | Noticed a halfling
     4 | D:1      | Noticed a minotaur
     6 | D:1      | Noticed a gargoyle
     6 | D:1      | Noticed a demonspawn
     8 | D:1      | Noticed a dwarf
    10 | D:1      | Noticed a ghoul
    12 | D:1      | Noticed a demigod
    12 | D:1      | Noticed a naga
    14 | D:1      | Noticed a vampire
    14 | D:1      | Noticed a spriggan
    16 | D:1      | Noticed a human
    16 | D:1      | Noticed a tengu
    20 | D:1      | Noticed an ogre
    20 | D:1      | Noticed a formicid
    22 | D:1      | Noticed a draconian
    22 | D:1      | Noticed a centaur
    24 | D:1      | Noticed a merfolk
    24 | D:1      | Noticed a vine stalker
    26 | D:1      | Noticed an octopode
    26 | D:1      | Noticed a felid
   162 | D:1      | Reached XP level 2. HP: 18/22 MP: 2/2
   550 | D:2      | Reached XP level 3. HP: 19/28 MP: 3/3
  1111 | D:2      | Reached XP level 4. HP: 28/35 MP: 4/4
  1156 | D:2      | Found a sacrificial altar of Ru.
  1574 | D:3      | Found a basalt altar of Yredelemnul.
  1949 | D:3      | Noticed Ijyb
  2032 | D:3      | Mangled by Ijyb

Skill      XL: |  1  2  3 |
---------------+----------+-----
Axes           | 3 |  3.9
Fighting       | 3 |  3.5
Throwing       | |  1.5
Dodging        | |  2.4
Shields        | |  0.4

Action                   |  1- 3 |  4- 6 || total
-------------------------+-------+-------++-------
Melee: War axe           |   121 |    56 ||   177
  Use: Scroll            |     2 |       ||     2
Armor: Chain mail        |    88 |     6 ||    94
       Leather armour    |     3 |       ||     3
       Scale mail        |       |    51 ||    51
Dodge: Dodged            |    76 |    45 ||   121
